 Dungeon Crawl Stone Soup version 0.30.1-9-gdf580d7c3d (webtiles) character file.

Game seed: 15559095072044892913

35 boopmooplesden the Twirler (level 3, 0/30 HPs)
             Began as a Minotaur Gladiator on Oct 16, 2023.
             Slain by a cerulean imp
             ... wielding a +2 spear
             ... summoned by Natasha
              (6 damage)
             ... on level 2 of the Dungeon.
             The game lasted 00:02:12 (753 turns).

boopmooplesden the Twirler (Minotaur Gladiator)      Turns: 753, Time: 00:02:12

Health: 0/30       AC:  3    Str: 20    XL:     3   Next: 17%
Magic:  2/2        EV: 12    Int:  5    God:
Gold:   131        SH:  0    Dex: 11    Spells: 2/2 levels left

rFire   . . .        a - +0 quarterstaff
rCold   + . .        (shield currently unavailable)
rNeg    . . .        f - +0 leather armour
rPois   +            c - +0 hat
rElec   .            h - scarf of Broken Taboos {harm, rPois rC+}
rCorr   .            (no gloves)
SInv    .            (no boots)
Will    .....        (no amulet)
Stlth   +            (no ring)
HPRegen 0.25/turn    (no ring)
MPRegen 0.08/turn

%: harm (+30% outgoing, +20% incoming)
@: attractive, slowed, very slow
A: horns 2, retaliatory headbutt
a: no special abilities


You were on level 2 of the Dungeon.
You visited 1 branch of the dungeon, and saw 2 of its levels.

You collected 131 gold pieces.

Inventory:

Hand Weapons
 a - a +0 quarterstaff (weapon)
 b - a +0 sling
Missiles
 d - 3 throwing nets (quivered)
 e - a javelin
Armour
 c - a +0 hat (worn)
 f - a +0 leather armour (worn)
 h - the scarf of Broken Taboos (worn) {harm, rPois rC+}
   (You acquired it on level 1 of the Dungeon)

   rC:        It protects you from cold.
   rPois:     It protects you from poison.
Scrolls
 i - a scroll of torment {unknown}
 j - a scroll of blinking {unknown}


   Skills:
 + Level 2.9 Fighting
 + Level 4.1 Staves
 + Level 1.2 Ranged Weapons
 + Level 2.0 Throwing
 + Level 1.2 Armour
 + Level 3.4 Dodging


You had 2 spell levels left.
You didn't know any spells.
Your spell library was empty.

Dungeon Overview and Level Annotations

Branches:
Dungeon (2/15)

Altars:

Annotations:
D:2 Natasha


Innate Abilities, Weirdness & Mutations

You have a pair of horns on your head.
You reflexively headbutt those who attack you in melee.


Message History

The bat barely misses you. The ball python bites you.
The ball python barely misses you. The ball python bites you.
The ball python grabs you. The ball python constricts you.
You escape the ball python's grasp.
Natasha, Servant of Life and Death comes into view.
Natasha hisses angrily.
The bat hits you but does no damage. The bat hits you.
Natasha casts a spell.
You hit the ball python.
You kill the ball python!
The bat hits you but does no damage. The bat barely misses you.
The bat completely misses you.
Natasha mumbles some strange words.
The bat barely misses you. The bat attacks as you move away!
The bat barely misses you. You furiously retaliate!
You headbutt the bat!
You kill the bat!
Natasha extends her claws.
Natasha casts a spell at you.
You feel yourself slow down. The kobold attacks as you move away!
The kobold hits you with a +0 dagger.
Natasha mewls in sadness.
Natasha mumbles some strange words.
The kobold misses you.
It was a potion of attraction.
You feel attractive to monsters. The kobold hits you but does no damage.
The cerulean imp barely misses you. The kobold hits you but does no damage.
You hit the kobold.
You kill the kobold!
The cerulean imp barely misses you.
The cerulean imp hits you from afar with a +2 spear.
The cerulean imp closely misses you.
The cerulean imp hits you from afar with a +0 spear.
The cerulean imp hits you from afar with a +2 spear.
The cerulean imp is attracted toward you.
The cerulean imp hits you from afar with a +2 spear!
* * * LOW HITPOINT WARNING * * *
The cerulean imp hits you from afar with a +2 spear.
You die...

#.## ### #...
..#
#...##.####
##...#.....# .
+......>##.#
..##....#§##@#
.......†.55..#
.........5####
..........#
..........##
.######.!..#
#....# #....#
#....#


You could see 3 cerulean imps.

Vanquished Creatures
  An adder (D:2)
  3 ball pythons
  4 bats
  3 endoplasms (D:1)
  A goblin (D:1)
  3 hobgoblins (D:1)
  A kobold (D:2)
  3 quokkas
  4 rats (D:1)
23 creatures vanquished.

Notes
Turn   | Place    | Note
-------+----------+-------------------------------------------
     0 | D:1      | boopmooplesden the Minotaur Gladiator began the quest for
                  | the Orb.
     0 | D:1      | Reached XP level 1. HP: 18/18 MP: 0/0
   186 | D:1      | Reached XP level 2. HP: 25/25 MP: 1/1
   253 | D:1      | Reached skill level 4 in Staves
   672 | D:1      | Identified a scroll of acquirement
   672 | D:1      | Acquired the scarf of Broken Taboos {harm, rPois rC+}
   727 | D:2      | Reached skill level 1 in Ranged Weapons
   729 | D:2      | Reached skill level 1 in Armour
   729 | D:2      | Reached XP level 3. HP: 26/30 MP: 2/2
   744 | D:2      | Noticed Natasha
   753 | D:2      | Slain by a cerulean imp

Illustrated notes

Levels and vault maps discovered:
D:1:      psy_arrival_statuary, layout_basic
D:2:      layout_basic, uniq_natasha

Skill      XL: |  1  2 |
---------------+-------+-----
Staves         | 4 |  4.1
Ranged Weapons | 1 |  1.2
Armour         | 1 |  1.2
Fighting       | |  2.9
Throwing       | |  2.0
Dodging        | |  3.4

Action                     || total
---------------------------++-------
  Melee: Quarterstaff      ||    28
         Headbutt          ||     8
   Fire: Sling             ||    27
    Use: Scroll            ||     1
         Potion            ||     1
 Armour: Leather armour    ||    14
  Dodge: Dodged            ||    33
